 Dungeon Crawl Stone Soup version 0.26.1-11-gd32895ea62 (webtiles) character file.

Game seed: 6880417695626345953

2076 ubername the Summoner (level 9, -18/68 HPs)
             Began as a Barachi Summoner on June 7, 2021.
             Was a Priest of Sif Muna.
             Killed from afar by Maurice (25 damage)
             ... with a bolt of acid
             ... on level 8 of the Dungeon on June 8, 2021.
             The game lasted 00:47:57 (11732 turns).

ubername the Summoner (Barachi Summoner)           Turns: 11732, Time: 00:47:57

Health: -18/68     AC:  5    Str: 11    XL:     9   Next: 26%
Magic:  20/20      EV: 13    Int: 18    God:    Sif Muna [***...]
Gold:   536        SH:  5    Dex: 18    Spells: 8/23 levels left

rFire    . . .     SeeInvis .   q - +1 short sword (venom)
rCold    . . .     Faith    .   (no shield)
rNeg     . . .     Spirit   .   a - +2 robe
rPois    .         Reflect  +   (no helmet)
rElec    .         Harm     .   (no cloak)
rCorr    .         Rampage  .   (no gloves)
Will     .....                  g - +0 pair of boots
Stlth    ++........             H - amulet of reflection
HPRegen  0.21/turn              c - +6 ring of dexterity
MPRegen  0.17/turn              s - +4 ring of protection

@: corroded, slow
A: +LOS, swims, slowness 1, strong legs 1
a: Hop, Renounce Religion, Channel Magic, Forget Spell


You were on level 8 of the Dungeon.
You worshipped Sif Muna.
Sif Muna was most pleased with you.
You visited 1 branch of the dungeon, and saw 8 of its levels.

You collected 536 gold pieces.

Inventory:

Hand Weapons
 f - a +0 hand axe
 q - a +1 short sword of venom (weapon)
Missiles
 j - 31 poisoned darts (quivered)
Armour
 a - a +2 robe (worn)
 g - a +0 pair of boots (worn)
 r - a +2 buckler of protection
Magical Staves
 u - an uncursed staff of conjuration
 E - an uncursed staff of earth
Jewellery
 c - a +6 ring of dexterity (left hand)
 s - a +4 ring of protection (right hand)
 v - an uncursed ring of ice {unknown}
 C - an uncursed ring of wizardry
 H - an amulet of reflection (around neck)
Wands
 p - a wand of enslavement (7)
 t - a wand of disintegration (26)
 w - a wand of paralysis (10)
 y - a wand of flame (4)
 A - a wand of polymorph (11)
Scrolls
 b - a scroll of teleportation
 e - 9 scrolls of identify
 h - 4 scrolls of remove curse
 n - a scroll of magic mapping
 B - 2 scrolls of enchant armour
Potions
 d - 3 potions of ambrosia {unknown}
 i - 2 potions of curing {unknown}
 k - a potion of brilliance {unknown}
 l - 2 potions of lignification {unknown}
 m - 2 potions of degeneration {unknown}
 o - 2 potions of heal wounds {unknown}
 x - a potion of might {unknown}
 z - a potion of magic {unknown}
 D - a potion of cancellation {unknown}
 F - a potion of resistance {unknown}


   Skills:
 + Level 5.0 Fighting
 - Level 0.2 Axes
 - Level 2.4 Dodging
 - Level 1.8 Stealth
 * Level 2.7 Shields
 * Level 7.5 Spellcasting
 * Level 9.8 Summonings
 * Level 2.6 Invocations


You had 8 spell levels left.
You knew the following spells:

 Your Spells              Type           Power        Failure   Level
a - Summon Small Mammal   Summ           100%         1%          1
b - Call Imp              Summ           42%          1%          2
c - Summon Guardian Gole  Hex/Summ       24%          4%          3
d - Summon Lightning Spi  Summ/Air       24%          14%         4
e - Summon Demon          Summ           21%          4%          5

Your spell library contained the following spells:

 Spells                   Type           Power        Failure   Level
 Call Canine Familiar     Summ           42%          1%          3
 Summon Ice Beast         Ice/Summ       24%          14%         4
 Shadow Creatures         Summ           N/A          28%         6
 Inner Flame              Hex/Fire       6%           30%         3
 Summon Forest            Summ/Tloc      12%          36%         5
 Fireball                 Conj/Fire      3%           96%         5


Dungeon Overview and Level Annotations

Branches:
Dungeon (8/15)             Temple (0/1) D:6
   Lair: D:8-11

Altars:
Elyvilon
Gozag
Hepliaklqana
Nemelex Xobeh
Okawaru
Qazlal
Sif Muna
Uskayaw
Xom
Yredelemnul
Zin
The Shining One

Shops:
D:6 (

Annotations:
D:8 Maurice


Innate Abilities, Weirdness & Mutations

You can be seen from farther away. (+LOS)
You can swim through water.
You cover ground slowly.
You can hop short distances.


Message History

The leopard gecko barely misses your soul eater.
Your soul eater hits the leopard gecko!
The leopard gecko dies!
Sif Muna accepts your kill.
You start resting.
Maurice the Thief comes into view.
He is wielding a +0 dagger and carrying a wand of acid (6).
You swap places.
Maurice tries to hide in the shadows.
Maurice gestures wildly while chanting.
Maurice blinks!
Maurice zaps a wand.
The bolt of acid hits your soul eater!
Your soul eater is splashed with acid.
The bolt of acid hits you. The acid corrodes you!
You are splashed with acid!
* * * LOW HITPOINT WARNING * * *
Your soul eater barely misses Maurice.
Maurice hits your soul eater with a +0 dagger.
Your soul eater hits Maurice!
Maurice zaps a wand.
The bolt of acid hits your soul eater.
Your soul eater is splashed with acid.
The bolt of acid hits you!!
You die...

#.###..### #...#...#.#...
#####...#........
#...##....##....#.#
#......#...# ##.#.#
#...#.....#####.#.#
##....#####....#.#.#
#...##.###.###.#.#.#
#.#.#...#.##@†.#.#.#
#.#.#.##.##3###..#.#
#.#.#.##..@.# #..#.####.##
#.#.#.#####.###...........
#.#.#.# ##...#.#.#######
#.#.#.########.#.#.#
#.#.#.#........#.#.#
#.#.#.#.########..#. .
#.#.#.# #.# # ..


You could see Maurice and a friendly soul eater (summoned).

Vanquished Creatures
  A wyvern (D:8)
  A centaur (D:7)
  3 bullfrogs
  A howler monkey (D:6)
  A hound (D:6)
  An iguana (D:5)
  3 adders
  3 gnolls
  A shadow imp (D:5)
  An ooze (D:4)
  2 orcs
  3 giant cockroaches
  4 goblins
  4 jackals
  A frilled lizard (D:3)
  A rat (D:3)
31 creatures vanquished.

Vanquished Creatures (collateral kills)
  A wyvern (D:8)
  Eustachio (D:5)
  2 orc warriors
  4 sky beasts
  An ice beast (D:6)
  2 phantoms
  An ogre (D:5)
  2 centaurs (D:5)
  Blork the orc (D:5)
  A bullfrog (D:6)
  A gnoll sergeant (D:6)
  3 scorpions
  3 killer bees (D:8)
  3 wights (D:7)
  A bullfrog zombie (D:7)
  2 jellies
  3 hounds
  A centaur zombie (D:7)
  2 gnoll shamans (D:6)
  An orc priest (D:8)
  A bullfrog skeleton (D:7)
  2 iguanas
  6 orc wizards
  5 worker ants
  A killer bee zombie (D:5)
  A hound skeleton (D:6)
  9 gnolls
  A howler monkey skeleton (D:4)
  8 adders
  A shadow imp (D:6)
  3 white imps
  5 ufetubi
  A worm (D:2)
  7 leopard geckos
  16 orcs
  2 ball pythons (D:1)
  2 giant cockroaches
  11 goblins
  6 hobgoblins
  14 jackals
  A quokka (D:3)
  6 bats
  3 frilled lizards
  5 kobolds
  6 rats
159 creatures vanquished.

Grand Total: 190 creatures vanquished

Notes
Turn   | Place    | Note
-------+----------+-------------------------------------------
     0 | D:1      | ubername the Barachi Summoner began the quest for the Orb.
     0 | D:1      | Reached XP level 1. HP: 13/13 MP: 3/3
   296 | D:1      | Reached skill level 5 in Summonings
   431 | D:1      | Reached XP level 2. HP: 19/19 MP: 0/5
  1179 | D:2      | Reached XP level 3. HP: 18/24 MP: 2/6
  1187 | D:2      | Learned a level 2 spell: Call Imp
  1258 | D:2      | Learned a level 3 spell: Summon Guardian Golem
  1671 | D:2      | Reached skill level 1 in Fighting
  2418 | D:2      | Found a hazy altar of Hepliaklqana.
  2463 | D:2      | Reached XP level 4. HP: 34/34 MP: 5/7
  2868 | D:3      | Found an iron altar of Okawaru.
  3359 | D:4      | Found a hide-covered altar of Uskayaw.
  3761 | D:4      | Reached XP level 5. HP: 42/42 MP: 2/8
  4598 | D:3      | Found a glowing silver altar of Zin.
  4742 | D:3      | Found a glowing golden altar of the Shining One.
  4779 | D:3      | Found a shimmering blue altar of Sif Muna.
  4782 | D:3      | Became a worshipper of Sif Muna the Loreminder
  4965 | D:5      | Entered Level 5 of the Dungeon
  4965 | D:5      | Noticed a centaur
  4965 | D:5      | Noticed a sky beast
  5010 | D:5      | Noticed Eustachio
  5010 | D:5      | Noticed an ogre
  5068 | D:5      | Noticed a sky beast
  5073 | D:5      | Killed a sky beast
  5074 | D:5      | Reached skill level 6 in Summonings
  5074 | D:5      | Reached XP level 6. HP: 28/49 MP: 4/10
  5197 | D:5      | Killed Eustachio
  5540 | D:4      | Killed a sky beast
  5728 | D:5      | Reached skill level 1 in Invocations
  5762 | D:5      | Noticed a sky beast
  5787 | D:5      | Killed a sky beast
  5788 | D:5      | Reached skill level 1 in Shields
  5788 | D:5      | Reached XP level 7. HP: 54/55 MP: 6/13
  6193 | D:5      | Noticed Blork the orc
  6204 | D:5      | Killed Blork the orc
  6219 | D:5      | Reached skill level 7 in Summonings
  6644 | D:5      | Reached * piety under Sif Muna
  6702 | D:5      | Reached skill level 5 in Spellcasting
  6710 | D:5      | Found a stormy altar of Qazlal.
  7259 | D:6      | Reached XP level 8. HP: 56/61 MP: 12/16
  7735 | D:6      | Found a white marble altar of Elyvilon.
  7775 | D:6      | HP: 2/61 [orc warrior/boomerang (15)]
  8105 | D:6      | Found a staircase to the Ecumenical Temple.
  8150 | D:6      | Reached skill level 8 in Summonings
  8480 | D:5      | Learned a level 4 spell: Summon Lightning Spire
  8878 | D:6      | Reached ** piety under Sif Muna
  8971 | D:6      | Found Oqathroun's Antique Weapon Shoppe.
  9426 | D:6      | Identified a scroll of acquirement
  9426 | D:6      | Acquired Kigezuf's Guide on Supportive Fire
  9546 | D:7      | Noticed a nameless horror
  9699 | D:7      | Found a sparkling altar of Nemelex Xobeh.
 10050 | D:7      | Found an opulent altar of Gozag.
 10094 | D:7      | Learned a level 5 spell: Summon Demon
 10101 | D:7      | Found a basalt altar of Yredelemnul.
 10522 | D:7      | Reached skill level 9 in Summonings
 10590 | D:7      | Reached XP level 9. HP: 67/67 MP: 14/19
 11119 | D:7      | Found a shimmering altar of Xom.
 11227 | D:8      | Reached *** piety under Sif Muna
 11287 | D:8      | Reached skill level 5 in Fighting
 11583 | D:8      | Noticed a rust devil
 11725 | D:8      | Noticed Maurice
 11732 | D:8      | Killed from afar by Maurice

Illustrated notes

Levels and vault maps discovered:
D:1:      heliophobic_arrival_glass_houses, layout_basic
D:2:      layout_loops_corners, nzn_hepliaklqana_mist_gate,
          minmay_goblin_outpost
D:3:      layout_basic, lemuel_blue_sif_altar,
          chequers_temple_overflow_statue_of_worship, serial_park_tiny_1,
          okawaru_trees_2
D:4:      layout_basic, overflow_temple_1_default
D:5:      layout_cave_pools, marbit_many_paths, uniq_eustachio,
          uniq_blork_the_orc
D:6:      layout_cave_pools, nicolae_overflow_hidden_temple,
          minmay_temple_entry_slanted, serial_gnoll_camp,
          gnoll_camp_mini_loothouse, gnoll_camp_medium_01, gnoll_camp_mini_hut,
          gnoll_camp_mini_shop
D:7:      layout_loops_ring, kennysheep_mini_moat,
          nicolae_overflow_crystal_walls, general_overflow_altar,
          nemelex_xobeh_ov_fountains_minmay, kennysheep_generic_room_10
D:8:      layout_loops_ring, lemuel_coloured_pillars_altar,
          serial_co_window_serial, co_window_paths_a, co_window_paths_a,
          co_window_paths_a, co_window_paths_b, co_window_of_opportunity_a,
          co_window_paths_a, co_window_corner_a, co_window_broadway_b,
          co_window_corner_cb, co_window_corner_ca, co_window_paths_c,
          co_window_corner_b, co_window_unsneaky_path_a, co_window_paths_d,
          glass_columns_a, glass_columns_a, glass_columns_a, glass_columns_c,
          uniq_maurice, uniq_joseph

Skill      XL: |  1  2  3  4  5  6  7  8  9 |
---------------+----------------------------+-----
Summonings     | 5 6 7 9 |  9.8
Fighting       | 2 4 5 |  5.0
Spellcasting   | 3 4 5 7 |  7.5
Invocations    | 1 2 |  2.6
Shields        | 1 2 |  2.7
Axes           | |  0.2
Dodging        | |  2.4
Stealth        | |  1.8

Action                   |  1- 3 |  4- 6 |  7- 9 || total
-------------------------+-------+-------+-------++-------
Melee: Hand axe          |    37 |    20 |       ||    57
       Unarmed           |     2 |       |       ||     2
       Staff             |       |    35 |    56 ||    91
       Short sword       |       |       |    43 ||    43
Throw: Dart              |     1 |    28 |     5 ||    34
 Cast: Summon Small Mamm |    58 |    22 |    14 ||    94
       Call Imp          |    21 |    53 |    99 ||   173
       Summon Guardian G |     2 |     1 |    14 ||    17
       Summon Lightning  |       |       |    22 ||    22
       Summon Demon      |       |       |    12 ||    12
 Abil: Hop               |       |     1 |     8 ||     9
Evoke: Wand              |       |       |     2 ||     2
  Use: Scroll            |     2 |     1 |    18 ||    21
 Stab: Distracted        |       |     1 |       ||     1
       Sleeping          |       |       |     2 ||     2
Armor: Robe              |    35 |    47 |    76 ||   158
Dodge: Dodged            |    75 |   124 |   139 ||   338
Block: Other             |       |       |    19 ||    19
       Reflection        |       |       |     1 ||     1
